 Dungeon Crawl Stone Soup version 0.28-a0-1555-g9ae15a6949 (webtiles) character file.

Game seed: 11706447085352469788

125 lonewolfV2 the Chopper (level 4, -12/34 HPs)
             Began as a Demonspawn Gladiator on Jan 18, 2022.
             Killed by nerve-wracking pain
             ... invoked by an orc priest
              (14 damage)
             ... on level 3 of the Dungeon.
             The game lasted 00:05:16 (3447 turns).

lonewolfV2 the Chopper (Demonspawn Gladiator)       Turns: 3447, Time: 00:05:16

Health: -12/34     AC:  4    Str: 16    XL:     4   Next: 82%
Magic:  4/4        EV: 12    Int:  9    God:
Gold:   165        SH:  0    Dex: 15    Spells: 3/3 levels left

rFire   . . .      SeeInvis +   a - +0 war axe (freeze)
rCold   . . .      Faith    .   (no shield)
rNeg    . . .      Spirit   .   b - +0 leather armour
rPois   .          Reflect  .   c - +0 helmet
rElec   .          Harm     .   (no cloak)
rCorr   .          Rampage  .   (no gloves)
Will    .....                   (no boots)
Stlth   ++........              (no amulet)
HPRegen 0.11/turn               k - ring of see invisible
MPRegen 0.09/turn               (no ring)

@: no status effects
A: ignite blood 1, demonic touch 1
a: no special abilities


You were on level 3 of the Dungeon.
You visited 1 branch of the dungeon, and saw 3 of its levels.

You collected 165 gold pieces.

Inventory:

Hand Weapons
 a - a +0 war axe of freezing (weapon)
Missiles
 d - 3 throwing nets (quivered)
Armour
 b - a +0 leather armour (worn)
 c - a +0 helmet (worn)
Jewellery
 k - a ring of see invisible (left hand)
Potions
 e - a potion of flight {unknown}
 f - 2 potions of mutation
 g - 2 potions of degeneration
 h - a potion of might
 i - 2 potions of ambrosia {unknown}
 m - a potion of magic {unknown}
 n - a potion of lignification {unknown}
 p - a potion of resistance {unknown}


   Skills:
 + Level 2.5 Fighting
 + Level 3.9 Axes
 + Level 1.8 Throwing
 + Level 1.5 Armour
 + Level 3.0 Dodging
 + Level 1.1 Stealth


You had 3 spell levels left.
You didn't know any spells.
Your spell library was empty.

Dungeon Overview and Level Annotations

Branches:
Dungeon (3/15)

Altars:
Gozag
Okawaru
Beogh

Shops:
D:2 *


Innate Abilities, Weirdness & Mutations

Your demonic aura sometimes causes spilled blood to erupt in flames.
Your touch may inflict minor irresistible damage on your foes.


Message History

The endoplasm freezes you.
You are frozen.
You barely miss the endoplasm.
You touch the endoplasm.
The endoplasm is severely wounded.
The endoplasm barely misses you.
You hit the endoplasm. You freeze the endoplasm.
You kill the endoplasm!
i - 2 glowing cyan potions You open the door.
An orc priest and an orc wizard come into view.
The orc priest shouts!
You hear a shout!
Found 62 gold pieces.
Found a roughly hewn altar of Beogh.
An orc comes into view. It is wielding a +0 hand axe.
Found 31 gold pieces.
The orc priest calls down the wrath of Beogh upon you.
Beogh smites you! The orc hits you with a +0 hand axe.
There is an open door, spattered with blood here.
The orc priest invokes the aid of Beogh against you.
Pain shoots through your body!
* * * LOW HITPOINT WARNING * * *
The orc barely misses you. The orc hits you but does no damage.
There is an open door, spattered with blood here.
The orc priest looks braver for a moment.
The orc barely misses you.
You slash the orc! You freeze the orc.
You kill the orc!
You hit the orc priest but do no damage.
The orc priest hits you with a +0 club.
* * * LOW HITPOINT WARNING * * *
The orc priest closely misses you.
Things that are here:
a +0 hand axe; 10 gold pieces The orc priest looks satisfied for a moment.
You hit the orc priest. You freeze the orc priest.
The orc priest is heavily wounded.
The orc priest invokes the aid of Beogh against you.
Pain shoots through your body!
You die...

..## ..
#.......).......
..#
#...............
..#
#..........#####
..#
#####.........#
..#
##._$##........#
..#
#.8$8.#........#
#$$$$$#.......[#
#$8o8.#........#
#o@)##.########
##'##..# #....##
######


You could see an orc priest and an orc wizard.

Vanquished Creatures
  6 adders
  A dart slug (D:1)
  3 orcs (D:3)
  6 ball pythons
  8 endoplasms
  2 goblins (D:1)
  6 hobgoblins
  5 kobolds
  4 quokkas
  12 bats
  4 frilled lizards
  6 rats
63 creatures vanquished.

Notes
Turn   | Place    | Note
-------+----------+-------------------------------------------
     0 | D:1      | lonewolfV2 the Demonspawn Gladiator began the quest for the
                  | Orb.
     0 | D:1      | Reached XP level 1. HP: 16/16 MP: 1/1
    69 | D:1      | Gained mutation: Your demonic aura sometimes causes spilled
                  | blood to erupt in flames. [demonic ancestry]
    69 | D:1      | Reached XP level 2. HP: 18/22 MP: 2/2
   945 | D:1      | Gained mutation: Your touch may inflict minor irresistible
                  | damage on your foes. [demonic ancestry]
   945 | D:1      | Reached XP level 3. HP: 18/27 MP: 3/3
  1097 | D:2      | Found a faded altar of an unknown god.
  2028 | D:2      | Reached skill level 1 in Armour
  2331 | D:2      | Found Vucyw's Assorted Antiques.
  2348 | D:2      | Reached XP level 4. HP: 34/34 MP: 4/4
  2915 | D:2      | Reached skill level 1 in Stealth
  3299 | D:3      | Found an iron altar of Okawaru.
  3366 | D:3      | Found an opulent altar of Gozag.
  3447 | D:3      | Killed from afar by an orc priest

Illustrated notes

Levels and vault maps discovered:
D:1:      erik_arrival_triangle_small, layout_basic, minmay_tetromino_i4
D:2:      layout_loops_corners, serial_shops, nicolae_shop_behind_doors,
          basic_ecumenical_altar, minmay_tiny_reverse_x
D:3:      layout_rooms, lemuel_coloured_pillars_altar, okawaru_trees_2,
          kennysheep_orc_chapel

Skill      XL: |  1  2  3  4 |
---------------+-------------+-----
Axes           | 3 |  3.9
Dodging        | 3 |  3.0
Armour         | 1 |  1.5
Stealth        | 1 |  1.1
Fighting       | |  2.5
Throwing       | |  1.8

Action                   |  1- 3 |  4- 6 || total
-------------------------+-------+-------++-------
Melee: War axe           |    77 |    48 ||   125
       Punch             |     1 |       ||     1
       Touch             |     2 |     3 ||     5
  Use: Scroll            |     2 |     7 ||     9
 Stab: Sleeping          |       |     1 ||     1
Armor: Leather armour    |    38 |    22 ||    60
Dodge: Dodged            |    89 |    50 ||   139

Table legend: (Time is in decaauts)
 A = Elapsed time spent in this place.
 B = Non-inter-level travel time spent in this place.
 C = Inter-level travel time spent in this place.
 D = Time resting spent in this place.
 E = Time spent auto-exploring this place.
 F = Levels seen in this place.
 G = Mean time per level.
                   A        B        C        D        E       F      G
               +--------+--------+--------+--------+--------+-----+--------+
         Total |   3487 |   3470 |     17 |    892 |   1980 |   3 | 1162.3 |
       Dungeon |   3487 |   3470 |     17 |    892 |   1980 |   3 | 1162.3 |
               +--------+--------+--------+--------+--------+-----+--------+

Top non-repeatable levels by time:
     D:2: 1914 daAuts
     D:1: 1116 daAuts
     D:3: 456 daAuts
